 Dungeon Crawl Stone Soup version 0.30.1 (webtiles) character file.

Game seed: 12888502581573770702

156 boopmooplesden the Twirler (level 5, -1/39 HPs)
             Began as a Demonspawn Gladiator on July 10, 2023.
             Slain by Sigmund
             ... wielding a +3 scythe of distortion
              (5 damage)
             ... on level 4 of the Dungeon.
             The game lasted 00:03:10 (2370 turns).

boopmooplesden the Twirler (Demonspawn Gladiator)   Turns: 2370, Time: 00:03:12

Health: -1/39      AC: 10    Str: 16    XL:     5   Next: 15%
Magic:  5/5        EV: 10    Int: 10    God:
Gold:   185        SH:  0    Dex: 14    Spells: 4/4 levels left

rFire   . . .        a - +2 quarterstaff
rCold   . . .        (shield currently unavailable)
rNeg    . . .        h - +0 scale mail
rPois   .            c - +1 helmet
rElec   .            (no cloak)
rCorr   .            (no gloves)
SInv    +            (no boots)
Will    .....        j - amulet of the acrobat Stlth
                     o - ring of see invisible
HPRegen 0.26/turn    (no ring)
MPRegen 0.09/turn

%: acrobat
@: no status effects
A: icy blue scales 1, spiny 1, weakness stinger 1
a: no special abilities


You were on level 4 of the Dungeon.
You visited 1 branch of the dungeon, and saw 4 of its levels.

You collected 185 gold pieces.

Inventory:

Hand Weapons
 a - a +2 quarterstaff (weapon)
Missiles
 d - 3 throwing nets (quivered)
 e - a javelin
Armour
 c - a +1 helmet (worn)
 h - a +0 scale mail (worn)
 p - the +2 ring mail of Lengedgh {Harm +Blink Int-5 Dex+4}
   (You found it on level 4 of the Dungeon)

   Int:       It affects your intelligence (-5).
   Dex:       It affects your dexterity (+4).
   +Blink:    It lets you blink.
   Harm:      It increases damage dealt and taken.
Jewellery
 j - an amulet of the acrobat (around neck)
 o - a ring of see invisible (left hand)
Wands
 v - a wand of acid (12)
Scrolls
 f - 2 scrolls of poison
 k - a scroll of amnesia
 n - a scroll of brand weapon {unknown}
 r - a scroll of identify
Potions
 b - a potion of degeneration {unknown}
 g - 2 potions of attraction
 i - a potion of might {unknown}
 l - a potion of lignification {unknown}
 m - a potion of flight {unknown}
 t - a potion of heal wounds {unknown}
 x - 2 potions of magic {unknown}
 z - a potion of berserk rage {unknown}


   Skills:
 + Level 2.6 Fighting
 + Level 4.2 Staves
 + Level 1.9 Throwing
 + Level 1.5 Armour
 + Level 3.2 Dodging
 + Level 0.1 Stealth


You had 4 spell levels left.
You didn't know any spells.
Your spell library contained the following spells:

 Spells                   Type           Power      Damage    Failure   Level
 Summon Small Mammal      Summ           0%         N/A       80%         1
 Call Canine Familiar     Summ           0%         N/A       99%         3
 Summon Guardian Golem    Hex/Summ       0%         N/A       99%         3
 Animate Armour           Summ/Erth      0%         N/A       100%        4
 Iron Shot                Conj/Erth      0%         9d1       100%        6
 Maxwell's Capacitive Co  Air            0%         ∞         100%        8


Dungeon Overview and Level Annotations

Branches:
Dungeon (4/15)
 Temple: D:4-7

Altars:

Annotations:
D:4 Sigmund


Innate Abilities, Weirdness & Mutations

You are partially covered in icy blue scales. (AC +2)
You are partially covered in sharp spines.
You have a small tail.


Message History

You feel your willpower return.
The scorpion stings you but does no damage.
You thump the scorpion!
You kill the scorpion!
Your Staves skill increases to level 4!
You have reached level 5!
Your demonic ancestry asserts itself...
Sharp spines emerge from parts of your body.
You see here a scorpion corpse.
HP restored.
Found 3 stones.
You now have 185 gold pieces (gained 12).
Found an ancient ring mail and 2 stones.
n - a scroll labelled JEADICECSU Sigmund the Dreaded comes into view.
He is wielding a +3 scythe of distortion.
Sigmund shouts!
Sigmund gestures at you while chanting. You resist with some effort.
You see here the +2 ring mail of Lengedgh {Harm +Blink Int-5 Dex+4}.
p - the +2 ring mail of Lengedgh {Harm +Blink Int-5 Dex+4} Sigmund's eyes start glowing with a red light.
Sigmund looks at you with fury. Sigmund casts a spell at you.
You resist with some effort.
You hit Sigmund.
Sigmund is lightly wounded.
Sigmund is struck by your spines. Sigmund hits you but does no damage.
Space warps horribly around you!!
Ouch! That really hurt!
You barely miss Sigmund.
Your tail-slap misses Sigmund.
Sigmund is moderately wounded.
Sigmund hits you but does no damage. Space warps horribly around you!
* * * LOW HITPOINT WARNING * * *
You barely miss Sigmund.
Sigmund is moderately wounded.
Sigmund is struck by your spines.
Sigmund hits you with a +3 scythe of distortion.
* * * LOW HITPOINT WARNING * * *
Space warps around you.
You die...

# ####.....## #
##.........# ##
#......(...## .##
##...........#
#.#####....(.......##
##..##..............#
##..#..............#
##................#
##...........@..##
##..........@....#
#............#.##
#...............#
#...............#
#..#####....####.#
#..# ###### .# ### ##


You could see Sigmund.

Vanquished Creatures
  A scorpion (D:4)
  An adder (D:2)
  3 worms (D:2)
  2 dart slugs
  4 orcs (D:3)
  6 bats
  4 endoplasms
  4 giant cockroaches
  8 goblins
  8 hobgoblins
  8 jackals
  2 quokkas
  4 ball pythons
  5 frilled lizards
  5 kobolds
  6 rats
71 creatures vanquished.

Notes
Turn   | Place    | Note
-------+----------+-------------------------------------------
     0 | D:1      | boopmooplesden the Demonspawn Gladiator began the quest for
                  | the Orb.
     0 | D:1      | Reached XP level 1. HP: 16/16 MP: 1/1
    37 | D:1      | Reached skill level 3 in Staves
    78 | D:1      | Gained mutation: You are partially covered in icy blue
                  | scales. (AC +2) [demonic ancestry]
    78 | D:1      | Reached XP level 2. HP: 12/22 MP: 2/2
   152 | D:1      | Got the Incunable of the Lofty Quake
   425 | D:1      | Found a faded altar of an unknown god.
   856 | D:2      | Gained mutation: You have a small tail. [demonic ancestry]
   856 | D:2      | Reached XP level 3. HP: 27/27 MP: 3/3
  1235 | D:2      | Reached XP level 4. HP: 34/34 MP: 4/4
  1617 | D:3      | Reached skill level 1 in Armour
  2305 | D:4      | Noticed a scorpion
  2314 | D:4      | Killed a scorpion
  2315 | D:4      | Reached skill level 4 in Staves
  2315 | D:4      | Gained mutation: You are partially covered in sharp spines.
                  | [demonic ancestry]
  2315 | D:4      | Reached XP level 5. HP: 32/39 MP: 5/5
  2362 | D:4      | Noticed Sigmund
  2364 | D:4      | Identified the +2 ring mail of Lengedgh {Harm +Blink Int-5
                  | Dex+4}
  2370 | D:4      | Slain by Sigmund

Illustrated notes

Levels and vault maps discovered:
D:1:      dpeg_arrival_rooms_a, layout_loops_ring,
          shapermc_ecumenical_altar_venn
D:2:      layout_rooms, kennysheep_donut, interstate_on_off
D:3:      layout_loops_ring
D:4:      layout_cave_pods, kennysheep_mini, grunt_decor_clamped, uniq_sigmund

Skill      XL: |  1  2  3  4 |
---------------+-------------+-----
Staves         | 3 4 |  4.2
Dodging        | 3 |  3.2
Armour         | 1 |  1.5
Fighting       | |  2.6
Throwing       | |  1.9
Stealth        | |  0.1

Action                     |  1- 3 |  4- 6 || total
---------------------------+-------+-------++-------
  Melee: Quarterstaff      |   117 |    81 ||   198
         Tailslap          |     6 |     5 ||    11
    Use: Scroll            |     2 |     9 ||    11
 Armour: Leather armour    |    28 |       ||    28
         Scale mail        |    19 |    37 ||    56
  Dodge: Dodged            |    93 |    62 ||   155
